 Dungeon Crawl Stone Soup version 0.31-a0-986-g5e6e4ef867 (webtiles) character file.

Game seed: 5279179984997333903

88 croobank the Sneak (level 4, -1/27 HPs)
             Began as an Octopode Fire Elementalist on Nov 16, 2023.
             Slain by a gnoll
             ... wielding a +0 spear
              (8 damage)
             ... on level 2 of the Dungeon.
             The game lasted 00:03:59 (1527 turns).

croobank the Sneak (Octopode Fire Elementalist)     Turns: 1527, Time: 00:04:00

Health: -1/27      AC:  1    Str:  7    XL:     4   Next: 54%
Magic:  4/7        EV: 13    Int: 19    God:
Gold:   140        SH:  0    Dex: 12    Spells: 5/8 levels left

rFire   . . .        d - +0 short sword
rCold   . . .        (no shield)
rNeg    . . .        (helmet restricted)
rPois   .            (no amulet)
rElec   .            (no ring)
rCorr   .            (no ring)
SInv    .            (no ring)
Will    .....        (no ring)
Stlth   +++          (no ring)
HPRegen 0.24/turn    (no ring)
MPRegen 0.10/turn    (no ring)
                     (no ring)

%: no passive effects
@: very slightly contaminated
A: almost no armour, amphibious, 8 rings, camouflage 1, gelatinous body 1,
(nimble swimmer 1), tentacles
a: no special abilities


You were on level 2 of the Dungeon.
You visited 1 branch of the dungeon, and saw 2 of its levels.

You collected 140 gold pieces.

Inventory:

Hand Weapons
 d - a +0 short sword (weapon)
 g - a +0 dagger
Jewellery
 h - an amulet of the acrobat
Scrolls
 b - a scroll of noise {unknown}
 e - 3 scrolls of teleportation {unknown}
 f - 3 scrolls of identify {unknown}
 i - a scroll of silence {unknown}
 l - a scroll of torment {unknown}
 m - 2 scrolls of fog {unknown}
 n - a scroll of blinking {unknown}
 o - a scroll of immolation {unknown}
Potions
 c - a potion of curing {unknown}
 j - a potion of enlightenment {unknown}
 k - a potion of berserk rage {unknown}


   Skills:
 + Level 2.7 Dodging
 + Level 3.7 Stealth
 + Level 2.5 Spellcasting
 + Level 2.0 Conjurations
 + Level 3.5 Fire Magic


You had 5 spell levels left.
You knew the following spells:

 Your Spells              Type           Power      Damage    Failure   Level
a - Foxfire               Conj/Fire      48%        2x1d6     5%          1
b - Scorch                Fire           30%        2d6       6%          2

Your spell library contained the following spells:

 Spells                   Type           Power      Damage    Failure   Level
 Inner Flame              Hex/Fire       9%         N/A       24%         3
 Volatile Blastmotes      Fire/Tloc      18%        2d11      24%         3
 Flame Wave               Conj/Fire      12%        2d6       45%         4


Dungeon Overview and Level Annotations

Branches:
Dungeon (2/15)

Altars:
Wu Jian


Innate Abilities, Weirdness & Mutations

You cannot wear most types of armour.
You are amphibious.
You can wear up to eight rings at the same time.
Your skin changes colour to match your surroundings (Stealth+).
Your rubbery body absorbs attacks. (AC +1, EV +1)
((You are camouflaged when in or above water. (Stealth+)))
You have tentacles for arms and can constrict up to eight enemies at once.


Message History

You kill the gnoll!
Saving game... please wait.
Welcome back, croobank the Octopode Fire Elementalist.
Press ? for a list of commands and other information.
You closely miss the gnoll. You grab the gnoll. You constrict the gnoll.
The gnoll barely misses you.
The gnoll hits you from afar with a +0 spear.
You hit the gnoll. You squeeze the gnoll.
The gnoll is heavily wounded.
You constrict the gnoll, but do no damage.
The gnoll hits you with a +0 whip. The gnoll closely misses you.
You hit the gnoll but do no damage.
You squeeze the gnoll, but do no damage.
The gnoll is heavily wounded.
You constrict the gnoll, but do no damage.
The gnoll hits you with a +0 whip.
* * * LOW HITPOINT WARNING * * *
The gnoll barely misses you.
Cast which spell? (? or * to list) Flames lash the gnoll.
The gnoll is almost dead.
The gnoll's fire resistance burns away.
You constrict the gnoll.
You kill the gnoll!
The gnoll misses you.
Your Conjurations skill increases to level 2!
Magic courses through your body. The gnoll completely misses you.
Casting: Scorch (safe; 6% risk of failure)
Confirm with . or Enter, or press ? or * to list all spells.
Flames lash the gnoll.
The gnoll is moderately wounded.
The gnoll's fire resistance burns away.
The gnoll hits you from afar with a +0 spear.
* * * LOW HITPOINT WARNING * * *
Casting: Scorch (safe; 6% risk of failure)
Confirm with . or Enter, or press ? or * to list all spells.
You miscast Scorch.
You are very lightly contaminated with residual magic.
Nothing appears to happen.
The gnoll hits you from afar with a +0 spear!
You die...

###..##..#.#.#
#.##.....#.###
#######........#.#.##
........##........#.#
#.....#.##.........##
#.###.#.##.........#
#........##....#######
#.#.########.#........
..#.# #@#########
###.# #)# ..# ##g##
##...## ##.....##
##.......## #
#..†....).###....
+.........'......
#.........###....


You could see a gnoll (combustible).

Vanquished Creatures
  3 gnolls (D:2)
  2 adders (D:2)
  2 worms (D:2)
  2 giant cockroaches (D:2)
  2 goblins
  3 hobgoblins
  4 jackals (D:1)
  3 quokkas (D:1)
  A ball python (D:1)
  7 bats
  A frilled lizard (D:1)
  3 kobolds
  3 rats
36 creatures vanquished.

Vanquished Creatures (others)
  43 foxfires
43 creatures vanquished.

Grand Total: 79 creatures vanquished

Notes
Turn   | Place    | Note
-------+----------+-------------------------------------------
     0 | D:1      | croobank the Octopode Fire Elementalist began the quest for
                  | the Orb.
     0 | D:1      | Reached XP level 1. HP: 11/11 MP: 3/3
   187 | D:1      | Reached XP level 2. HP: 9/17 MP: 3/5
   222 | D:1      | Learned a level 2 spell: Scorch
   550 | D:1      | Found a faded altar of an unknown god.
   945 | D:2      | Reached XP level 3. HP: 7/21 MP: 0/6
  1114 | D:2      | Found an ornate altar of the Wu Jian Council.
  1408 | D:2      | Reached XP level 4. HP: 5/27 MP: 0/7
  1527 | D:2      | Slain by a gnoll

Illustrated notes

Levels and vault maps discovered:
D:1:      dpeg_arrival_another_circle, layout_basic,
          hellmonk_ecumenical_altar_crossroads, st_stairs_9
D:2:      layout_loops_corners, basic_altar, minmay_pentomino_r4, uniq_natasha,
          uniq_sigmund

Skill      XL: |  1  2  3  4 |
---------------+-------------+-----
Stealth        | 3 |  3.7
Conjurations   | 2 |  2.0
Dodging        | |  2.7
Spellcasting   | |  2.5
Fire Magic     | |  3.5

Action                     |  1- 3 |  4- 6 || total
---------------------------+-------+-------++-------
  Melee: Unarmed           |    19 |       ||    19
         Constrict         |    16 |     1 ||    17
         Tentacles         |    12 |     2 ||    14
         Short sword       |    34 |     4 ||    38
   Cast: Foxfire           |    19 |     6 ||    25
         Scorch            |    11 |     2 ||    13
    Use: Potion            |       |     1 ||     1
   Stab: Sleeping          |     6 |       ||     6
 Armour: Skin              |    24 |     7 ||    31
  Dodge: Dodged            |    34 |     7 ||    41

Table legend: (Time is in decaauts)
 A = Elapsed time spent in this place.
 B = Non-inter-level travel time spent in this place.
 C = Inter-level travel time spent in this place.
 D = Time resting spent in this place.
 E = Time spent auto-exploring this place.
 F = Levels seen in this place.
 G = Mean time per level.
                   A        B        C        D        E       F      G
               +--------+--------+--------+--------+--------+-----+--------+
         Total |   1526 |   1505 |     21 |    359 |    857 |   2 |  763.0 |
       Dungeon |   1526 |   1505 |     21 |    359 |    857 |   2 |  763.0 |
               +--------+--------+--------+--------+--------+-----+--------+

Top non-repeatable levels by time:
     D:1: 884 daAuts
     D:2: 641 daAuts
